[Event "ICC tourney 2399 (75 10)"]
[Site "Internet Chess Club"]
[Date "2021.02.21"]
[Round "4"]
[White "eigenator"]
[Black "savchess06"]
[Result "1-0"]
[ICCResult "Black checkmated"]
[WhiteElo "2368"]
[BlackElo "2096"]
[Opening "French: King's Indian attack"]
[ECO "C00"]
[NIC "FR.02"]
[Time "11:01:29"]
[PlyCount "91"]
[TimeControl "4500+10"]

1. e4 e6 2. d3 d5 3. Nd2 c5 4. g3 Nc6 5. Bg2 g6 6. Ngf3 Bg7 7. O-O Nge7 8.
exd5 exd5 9. c4 O-O 10. cxd5 Nxd5 11. Ne4 b6 12. Bg5 Qd7 13. Qd2 Re8 14.
Rfe1 Bb7 15. a3 a5 16. h4 a4 17. Rab1 Na5 18. Re2 Nb3 19. Qc2 h6 20. Bd2 f5
21. Nc3 Rxe2 22. Nxe2 Rd8 23. Re1 Ba6 24. Nc1 Qb5 25. d4 Nxd4 26. Nxd4 Bxd4
27. b3 axb3 28. Nxb3 Bg7 29. h5 c4 30. Nc1 c3 31. hxg6 cxd2 32. Qxd2 Qa5
33. Bxd5+ Qxd5 34. Re8+ Rxe8 35. Qxd5+ Kh8 36. Nd3 Rf8 37. Ne5 Bf6 38. Nd7
Rd8 39. Qf7 Bg7 40. Qe7 Rg8 41. Ne5 Rc8 42. Nf7+ Kg8 43. Nxh6+ Kh8 44. Nxf5
Rc1+ 45. Kh2 Bb7 46. Qxg7# { Black checkmated } 1-0

[Event "ICC tourney 2399 (75 10)"]
[Site "Internet Chess Club"]
[Date "2021.02.21"]
[Round "4"]
[White "hidedozyo"]
[Black "WonderZ"]
[Result "1-0"]
[ICCResult "Black resigns"]
[WhiteElo "2327"]
[BlackElo "2053"]
[Opening "King's Indian: Sämisch variation"]
[ECO "E80"]
[NIC "KI.54"]
[Time "11:01:19"]
[PlyCount "91"]
[TimeControl "4500+10"]

1. d4 Nf6 2. c4 g6 3. Nc3 Bg7 4. e4 d6 5. f3 c6 6. Be3 a6 7. Qd2 b5 8. Bd3
bxc4 9. Bxc4 O-O 10. Nge2 Nbd7 11. O-O Rb8 12. Rfd1 Qc7 13. Bb3 c5 14. Rac1
cxd4 15. Nxd4 Nc5 16. Na4 Nxb3 17. axb3 Qd7 18. Nc6 Rxb3 19. Nb6 Rxb6 20.
Bxb6 h5 21. e5 dxe5 22. Qxd7 Bxd7 23. Nxe7+ Kh7 24. b4 Rb8 25. Bc5 Bb5 26.
Bd6 Re8 27. Rc8 Rxc8 28. Nxc8 e4 29. Bc5 Be2 30. Rd6 exf3 31. gxf3 Bxf3 32.
Bd4 Ne4 33. Rd8 f6 34. Nd6 Ng5 35. Ne8 Ne6 36. Rd7 Bc6 37. Nxf6+ Kh6 38.
Be3+ Ng5 39. Rxg7 Kxg7 40. Bxg5 Kf7 41. Kf2 Ke6 42. Ke3 Kf5 43. h4 Bb5 44.
Kd4 Ke6 45. Kc5 Kf5 46. Nd5 { Black resigns } 1-0

[Event "ICC tourney 2399 (75 10)"]
[Site "Internet Chess Club"]
[Date "2021.02.21"]
[Round "4"]
[White "creepycrawlies"]
[Black "wolverine54"]
[Result "1/2-1/2"]
[ICCResult "Game drawn by mutual agreement"]
[WhiteElo "2201"]
[BlackElo "2313"]
[Opening "King's Indian: 3.g3"]
[ECO "E60"]
[NIC "KI.80"]
[Time "11:01:53"]
[PlyCount "79"]
[TimeControl "4500+10"]

1. d4 Nf6 2. c4 g6 3. g3 Bg7 4. Bg2 O-O 5. Nc3 c5 6. d5 d6 7. e4 e6 8. Nge2
exd5 9. exd5 Nbd7 10. O-O Ne5 11. b3 Bf5 12. h3 h5 13. Bg5 Qd7 14. f4 Nd3
15. Bxf6 Bxf6 16. g4 hxg4 17. hxg4 Nb2 18. Qd2 Bxg4 19. Rab1 Bxe2 20. Nxe2
Rae8 21. Rxb2 Bxb2 22. Qxb2 Qg4 23. Kf2 Qh4+ 24. Kf3 g5 25. fxg5 f6 26. g6
Re5 27. Nf4 f5 28. Qd2 Re4 29. Ne6 Rg4 30. Qf2 Qh5 31. Rh1 Rh4+ 32. Ke3
Rxh1 33. Bxh1 Qxh1 34. Nxf8 Qe4+ 35. Kd2 Kxf8 36. Qh2 Qd4+ 37. Kc2 f4 38.
Qh6+ Ke8 39. Qh7 Qf2+ 40. Kb1 { Game drawn by mutual agreement } 1/2-1/2

[Event "ICC tourney 2399 (75 10)"]
[Site "Internet Chess Club"]
[Date "2021.02.21"]
[Round "4"]
[White "Gukesh"]
[Black "Volkov"]
[Result "0-1"]
[ICCResult "White resigns"]
[WhiteElo "2667"]
[BlackElo "2607"]
[Opening "Queen's bishop game"]
[ECO "D02"]
[NIC "QP.08"]
[Time "11:01:25"]
[PlyCount "80"]
[TimeControl "4500+10"]

1. d4 d5 2. Nf3 Nf6 3. Bf4 c5 4. e3 Nc6 5. Nbd2 cxd4 6. exd4 Bg4 7. c3 a6
8. Qb3 Na5 9. Qa4+ Bd7 10. Qc2 g6 11. Bd3 Bg7 12. a4 Nh5 13. Be3 Qc7 14.
Ne5 Bxe5 15. dxe5 Qxe5 16. O-O O-O 17. Rae1 Nf4 18. Nf3 Qc7 19. b4 Nxd3 20.
Qxd3 Qc4 21. Qd2 Nb3 22. Qd1 Bxa4 23. Bh6 Rfe8 24. Ne5 Qh4 25. Be3 Qf6 26.
f4 e6 27. g4 Rac8 28. g5 Qg7 29. Bd4 Nxd4 30. Qxd4 Bc2 31. Rc1 Bf5 32. Qb6
Re7 33. c4 dxc4 34. Rfd1 h6 35. h4 hxg5 36. hxg5 c3 37. Qd6 Qf8 38. Nd7
Rxd7 39. Qxd7 c2 40. Rd4 e5 { White resigns } 0-1

[Event "ICC tourney 2399 (75 10)"]
[Site "Internet Chess Club"]
[Date "2021.02.21"]
[Round "4"]
[White "BlueJay01"]
[Black "josuevm"]
[Result "1/2-1/2"]
[ICCResult "Game drawn because neither player has mating material"]
[WhiteElo "2100"]
[BlackElo "2272"]
[Opening "English: Neo-Catalan declined"]
[ECO "A14"]
[NIC "RE.08"]
[Time "11:01:32"]
[PlyCount "131"]
[TimeControl "4500+10"]

1. c4 Nf6 2. g3 e6 3. Bg2 d5 4. Nf3 Be7 5. O-O O-O 6. b3 b6 7. Bb2 Bb7 8.
e3 Nbd7 9. Nc3 c5 10. Qe2 Re8 11. Rfd1 Rc8 12. cxd5 Nxd5 13. Nxd5 Bxd5 14.
e4 Bb7 15. d4 Qc7 16. dxc5 Nxc5 17. Nd4 Bf8 18. Rd2 Red8 19. Rad1 Qb8 20.
Kh1 Qa8 21. f3 h6 22. Qe3 Qb8 23. Bf1 a6 24. Bg2 Be7 25. Ne2 Rxd2 26. Rxd2
e5 27. Rd1 Bg5 28. Qf2 Rd8 29. Nc3 Nd3 30. Qe2 Nxb2 31. Qxb2 Be3 32. Rxd8+
Qxd8 33. Qc2 Qd4 34. Bf1 Bd2 35. Nd1 Bb4 36. Qd3 Bc5 37. Qxd4 Bxd4 38. Kg2
Kf8 39. Bd3 Ke7 40. Kf1 Kd6 41. Ke2 Kc5 42. Kd2 b5 43. Ne3 Bxe3+ 44. Kxe3
Kb4 45. Kd2 Ka3 46. Kc3 Kxa2 47. b4 Bc8 48. f4 exf4 49. gxf4 f6 50. e5 fxe5
51. fxe5 g5 52. Be4 g4 53. Bd5+ Ka3 54. e6 h5 55. e7 Bd7 56. Bf7 h4 57.
e8=Q Bxe8 58. Bxe8 g3 59. hxg3 hxg3 60. Bc6 Ka4 61. Bg2 a5 62. bxa5 Kxa5
63. Kb3 b4 64. Bf1 Kb6 65. Kxb4 g2 66. Bxg2 { Game drawn because neither
player has mating material } 1/2-1/2

[Event "ICC tourney 2399 (75 10)"]
[Site "Internet Chess Club"]
[Date "2021.02.21"]
[Round "5"]
[White "Volkov"]
[Black "mhebden"]
[Result "1/2-1/2"]
[ICCResult "Game drawn by mutual agreement"]
[WhiteElo "2607"]
[BlackElo "2503"]
[Opening "King's Indian: Gligoric-Taimanov system"]
[ECO "E92"]
[NIC "KI.18"]
[Time "14:34:27"]
[PlyCount "24"]
[TimeControl "4500+10"]

1. d4 Nf6 2. c4 g6 3. Nc3 Bg7 4. e4 d6 5. Nf3 O-O 6. Be2 e5 7. Be3 Ng4 8.
Bg5 f6 9. Bh4 Nc6 10. d5 Ne7 11. Nd2 f5 12. Bxg4 fxg4 { Game drawn by
mutual agreement } 1/2-1/2

[Event "ICC tourney 2399 (75 10)"]
[Site "Internet Chess Club"]
[Date "2021.02.21"]
[Round "5"]
[White "Aleksandrov73"]
[Black "Assured"]
[Result "1/2-1/2"]
[ICCResult "Game drawn by mutual agreement"]
[WhiteElo "2629"]
[BlackElo "2577"]
[Opening "Nimzo-Indian: 4.e3 O-O"]
[ECO "E46"]
[NIC "NI.11"]
[Time "14:34:12"]
[PlyCount "36"]
[TimeControl "4500+10"]

1. d4 Nf6 2. c4 e6 3. Nc3 Bb4 4. e3 O-O 5. Bd2 b6 6. Bd3 Bb7 7. Nf3 d5 8.
cxd5 exd5 9. Rc1 Nbd7 10. O-O Be7 11. Ne5 Nxe5 12. dxe5 Nd7 13. f4 Nc5 14.
Bb1 d4 15. Nb5 d3 16. Nd4 g6 17. Bb4 Qd5 18. Qf3 Qd7 { Game drawn by mutual
agreement } 1/2-1/2

[Event "ICC tourney 2399 (75 10)"]
[Site "Internet Chess Club"]
[Date "2021.02.21"]
[Round "5"]
[White "TjkTiger"]
[Black "eigenator"]
[Result "1-0"]
[ICCResult "Black resigns"]
[WhiteElo "2605"]
[BlackElo "2368"]
[Opening "English: four knights, Nimzovich variation"]
[ECO "A28"]
[NIC "EO.09"]
[Time "14:34:27"]
[PlyCount "69"]
[TimeControl "4500+10"]

1. c4 e5 2. Nc3 Nf6 3. Nf3 Nc6 4. e4 Bb4 5. d3 d6 6. a3 Ba5 7. b4 Bb6 8.
Na4 Bg4 9. Nxb6 axb6 10. Bb2 O-O 11. Be2 Bxf3 12. Bxf3 Nd4 13. Bxd4 exd4
14. O-O Nd7 15. Bg4 Ne5 16. Bh3 Qh4 17. f4 Ng6 18. Bg4 h5 19. Bf5 Ne7 20.
g3 Qf6 21. Bh3 Qh6 22. Ra2 Ra7 23. a4 Rfa8 24. Kg2 Nc6 25. Qb3 Qf6 26. b5
Nd8 27. e5 dxe5 28. fxe5 Qxe5 29. Rf5 Qe1 30. c5 Ne6 31. cxb6 cxb6 32. Raf2
Rf8 33. Rf1 Nc5 34. Rxc5 Qe2+ 35. Rf2 { Black resigns } 1-0

[Event "ICC tourney 2399 (75 10)"]
[Site "Internet Chess Club"]
[Date "2021.02.21"]
[Round "5"]
[White "PawnEatingZombi"]
[Black "sriramk"]
[Result "1-0"]
[ICCResult "Black resigns"]
[WhiteElo "2200"]
[BlackElo "2172"]
[Opening "QGD semi-Slav: Stoltz variation"]
[ECO "D45"]
[NIC "SL.08"]
[Time "14:33:33"]
[PlyCount "63"]
[TimeControl "4500+10"]

1. d4 d5 2. c4 c6 3. Nc3 Nf6 4. e3 e6 5. Nf3 Nbd7 6. Qc2 Bd6 7. Bd3 O-O 8.
O-O h6 9. b3 b6 10. Bb2 Bb7 11. Rac1 Rc8 12. Rfd1 Qe7 13. e4 dxe4 14. Nxe4
Nxe4 15. Bxe4 Nf6 16. c5 Nxe4 17. Qxe4 Bb8 18. Ne5 Rfd8 19. b4 Rd5 20. Nc4
Rcd8 21. g3 bxc5 22. bxc5 Ba6 23. Ne3 R5d7 24. Qxc6 Bb7 25. Qa4 Rc7 26. c6
Qe8 27. d5 exd5 28. Qd4 f6 29. cxb7 Rxb7 30. Ba1 Be5 31. Qd3 d4 32. Nc4 {
Black resigns } 1-0

[Event "ICC tourney 2399 (75 10)"]
[Site "Internet Chess Club"]
[Date "2021.02.21"]
[Round "5"]
[White "Dking135799"]
[Black "BlueJay01"]
[Result "1/2-1/2"]
[ICCResult "Game drawn by mutual agreement"]
[WhiteElo "2251"]
[BlackElo "2100"]
[Opening "QGD Slav: exchange variation"]
[ECO "D13"]
[NIC "SL.02"]
[Time "14:33:38"]
[PlyCount "50"]
[TimeControl "4500+10"]

1. d4 d5 2. Nf3 Nf6 3. c4 c6 4. cxd5 cxd5 5. Nc3 Nc6 6. Bf4 Nh5 7. Bd2 g6
8. Qc1 Bg7 9. Bh6 Nxd4 10. Nxd4 Bxd4 11. Qd2 Bg7 12. Bxg7 Nxg7 13. Qxd5 O-O
14. Qxd8 Rxd8 15. e3 e5 16. Bc4 Be6 17. Bxe6 Nxe6 18. Ke2 Kf8 19. Rhd1 Nc7
20. Rac1 Ke7 21. e4 Rac8 22. g3 Rxd1 23. Rxd1 Ke6 24. Ke3 Ne8 25. Rd3 Nd6 {
Game drawn by mutual agreement } 1/2-1/2

[Event "ICC tourney 2399 (75 10)"]
[Site "Internet Chess Club"]
[Date "2021.02.21"]
[Round "5"]
[White "savchess06"]
[Black "ChessKidA8"]
[Result "0-1"]
[ICCResult "White resigns"]
[WhiteElo "2096"]
[BlackElo "2207"]
[Opening "French: Albin-Alekhine-Châtard attack"]
[ECO "C13"]
[NIC "FR.06"]
[Time "14:33:35"]
[PlyCount "92"]
[TimeControl "4500+10"]

1. e4 e6 2. d4 d5 3. Nc3 Nf6 4. Bg5 Be7 5. e5 Nfd7 6. h4 h6 7. Bxe7 Qxe7 8.
f4 a6 9. Nf3 c5 10. Qd2 Nc6 11. O-O-O c4 12. Qf2 b5 13. Qg3 Bb7 14. Qxg7
O-O-O 15. Qg3 Nb6 16. Nb1 b4 17. Qe1 Kb8 18. g4 Rc8 19. c3 bxc3 20. Nxc3
Na7 21. f5 Qd7 22. Bh3 Na4 23. Qd2 Ka8 24. Qc2 Bc6 25. Kd2 Nxc3 26. Qxc3
Nb5 27. Qe3 c3+ 28. bxc3 Na3 29. Qf4 Ba4 30. Rc1 Qb5 31. Ke1 Nc2+ 32. Kf2
Rxc3 33. Bf1 Qb2 34. Qd2 exf5 35. Ne1 Rhc8 36. Bg2 Qxa2 37. Nd3 Rxd3 38.
Qxd3 Nb4+ 39. Qe2 Nd3+ 40. Ke3 Qxe2+ 41. Kxe2 Nxc1+ 42. Ke3 Rc3+ 43. Kf4
Ne2+ 44. Kxf5 Ng3+ 45. Kf6 Nxh1 46. Bxd5+ Bc6 { White resigns } 0-1

[Event "ICC tourney 2399 (75 10)"]
[Site "Internet Chess Club"]
[Date "2021.02.21"]
[Round "5"]
[White "DonaldJ"]
[Black "SkyAngel"]
[Result "1-0"]
[ICCResult "Black resigns"]
[WhiteElo "2071"]
[BlackElo "2177"]
[Opening "Caro-Kann: advance variation"]
[ECO "B12"]
[NIC "CK.02"]
[Time "14:34:27"]
[PlyCount "53"]
[TimeControl "4500+10"]

1. e4 c6 2. d4 d5 3. e5 c5 4. dxc5 e6 5. Be3 Nd7 6. Nf3 Bxc5 7. Bxc5 Nxc5
8. Qd4 Nd7 9. Qg4 g6 10. Nbd2 Qc7 11. c4 Ne7 12. cxd5 Nxd5 13. Nc4 O-O 14.
Qe4 b6 15. Be2 Bb7 16. Nd6 f5 17. Qd4 h6 18. O-O Rad8 19. Rac1 Qb8 20. Qh4
Kg7 21. Nd4 Rde8 22. Bb5 g5 23. Qh5 Nf4 24. Nxe8+ Rxe8 25. Qd1 Rd8 26. Bxd7
Qxe5 27. Re1 { Black resigns } 1-0

[Event "ICC tourney 2399 (75 10)"]
[Site "Internet Chess Club"]
[Date "2021.02.21"]
[Round "5"]
[White "hidedozyo"]
[Black "Openyagami"]
[Result "0-1"]
[ICCResult "White resigns"]
[WhiteElo "2327"]
[BlackElo "2601"]
[Opening "King's Indian: 4.e4"]
[ECO "E81"]
[NIC "KI.32"]
[Time "14:33:50"]
[PlyCount "102"]
[TimeControl "4500+10"]

1. d4 Nf6 2. c4 g6 3. Nc3 Bg7 4. e4 O-O 5. Be3 d6 6. f3 c5 7. dxc5 dxc5 8.
Qxd8 Rxd8 9. Bxc5 Nc6 10. Nge2 Nd7 11. Be3 Nde5 12. Nf4 b6 13. Rc1 Ba6 14.
b3 e6 15. Be2 Nd4 16. O-O Bh6 17. Rfd1 Nxe2+ 18. Ncxe2 Nd3 19. Rc3 Nb4 20.
Rxd8+ Rxd8 21. a3 Nc6 22. g3 Na5 23. Nc1 Bf8 24. a4 g5 25. Nfd3 Bg7 26. e5
h6 27. Kf2 Nc6 28. f4 gxf4 29. gxf4 f6 30. Ke2 Kf7 31. exf6 Bxf6 32. Ne5+
Nxe5 33. fxe5 Bxe5 34. Rd3 Ra8 35. h4 Kg6 36. Rd7 Bc8 37. h5+ Kxh5 38. Rh7
Kg4 39. Nd3 Bc3 40. Bxh6 e5 41. Re7 Kf5 42. Re8 Bb7 43. Rxa8 Bxa8 44. Be3
Bc6 45. c5 b5 46. axb5 Bxb5 47. Bd2 Bd4 48. Be3 Ke4 49. Bxd4 Bxd3+ 50. Kd2
Kxd4 51. c6 Ba6 { White resigns } 0-1

[Event "ICC tourney 2399 (75 10)"]
[Site "Internet Chess Club"]
[Date "2021.02.21"]
[Round "5"]
[White "josuevm"]
[Black "creepycrawlies"]
[Result "0-1"]
[ICCResult "White resigns"]
[WhiteElo "2272"]
[BlackElo "2201"]
[Opening "Sicilian: Najdorf, Opocensky variation"]
[ECO "B92"]
[NIC "SI.10"]
[Time "14:34:27"]
[PlyCount "78"]
[TimeControl "4500+10"]

1. e4 c5 2. Nf3 d6 3. d4 cxd4 4. Nxd4 Nf6 5. Nc3 a6 6. Be2 e5 7. Nf5 d5 8.
Bg5 d4 9. Bxf6 Qxf6 10. Nd5 Qd8 11. Bf3 g6 12. Nxd4 exd4 13. Qxd4 f6 14.
Nxf6+ Kf7 15. Qxd8 Bb4+ 16. Qd2 Bxd2+ 17. Kxd2 Kxf6 18. Be2 Nc6 19. f4 Be6
20. g4 g5 21. fxg5+ Kxg5 22. h4+ Kf4 23. g5 Kxe4 24. Raf1 Ke5 25. Rf6 Raf8
26. Rh6 Bf5 27. Re1 Kd5 28. Bf3+ Kc5 29. Bxc6 bxc6 30. Re5+ Kb6 31. b4 Rd8+
32. Kc3 Rhf8 33. a4 Rde8 34. Rc5 Be4 35. Kd4 Rf4 36. Kc3 Rf2 37. Kb3 Rh2
38. Kb2 Bg6 39. h5 Rxh5 { White resigns } 0-1

[Event "ICC tourney 2399 (75 10)"]
[Site "Internet Chess Club"]
[Date "2021.02.21"]
[Round "5"]
[White "WonderZ"]
[Black "jy2020"]
[Result "0-1"]
[ICCResult "White resigns"]
[WhiteElo "2053"]
[BlackElo "2236"]
[Opening "Trompowsky attack (Ruth, Opocenský opening)"]
[ECO "A45"]
[NIC "QP.07"]
[Time "14:33:30"]
[PlyCount "94"]
[TimeControl "4500+10"]

1. d4 Nf6 2. Bg5 e6 3. e4 h6 4. Bxf6 Qxf6 5. Nc3 d6 6. Qd2 g6 7. f4 Bg7 8.
Nf3 O-O 9. O-O-O Qe7 10. g4 Nd7 11. Rg1 c5 12. f5 cxd4 13. Nxd4 Ne5 14. Be2
a6 15. Kb1 b5 16. Nf3 b4 17. Na4 Bb7 18. Nb6 Rab8 19. Nxe5 Bxe5 20. Nc4
Bxe4 21. Nxe5 dxe5 22. Bc4 Rfc8 23. Bb3 a5 24. fxe6 a4 25. exf7+ Kg7 26.
f8=Q+ Rxf8 27. Qd7 Qxd7 28. Rxd7+ Kf6 29. Bxa4 Rbd8 30. Rxd8 Rxd8 31. a3
bxa3 32. bxa3 Bf3 33. c4 e4 34. Kc1 Ke5 35. c5 Rd4 36. Bb3 Rd3 37. Kc2 Kd4
38. Kb2 Kxc5 39. g5 h5 40. Re1 Kd4 41. Bf7 Rd2+ 42. Kc1 Rxh2 43. Bxg6 Rg2
44. a4 Rxg5 45. Be8 Rc5+ 46. Kd2 Rc3 47. a5 e3+ { White resigns } 0-1

[Event "ICC tourney 2399 (75 10)"]
[Site "Internet Chess Club"]
[Date "2021.02.21"]
[Round "5"]
[White "Ambuli123"]
[Black "Gukesh"]
[Result "0-1"]
[ICCResult "White resigns"]
[WhiteElo "2169"]
[BlackElo "2667"]
[Opening "Nimzo-Indian: classical variation"]
[ECO "E32"]
[NIC "NI.24"]
[Time "14:33:33"]
[PlyCount "90"]
[TimeControl "4500+10"]

1. d4 Nf6 2. c4 e6 3. Nc3 Bb4 4. Qc2 Bxc3+ 5. Qxc3 Ne4 6. Qc2 f5 7. Nf3 O-O
8. e3 b6 9. Bd3 Bb7 10. O-O d6 11. b3 Nd7 12. Bb2 Qe8 13. Nd2 Qg6 14. f3
Ng5 15. d5 Nc5 16. b4 Nxd3 17. Qxd3 Rae8 18. Kh1 exd5 19. cxd5 Re7 20. Rac1
Rfe8 21. Rfe1 h6 22. Nb3 Qf7 23. Rcd1 Bc8 24. a3 Nh7 25. Kg1 Nf8 26. Bc3
Ng6 27. Kf2 Ne5 28. Bxe5 Rxe5 29. f4 R5e7 30. g3 Bb7 31. Rd2 Re4 32. Rdd1
R4e7 33. Re2 Qh5 34. h4 Qf7 35. Ke1 g6 36. Kf2 g5 37. hxg5 hxg5 38. Ke1 Qg6
39. Nd4 Re4 40. Ne6 gxf4 41. gxf4 Bxd5 42. Nxc7 Bc4 43. Qc3 Qg4 44. Qxc4+
Rxc4 45. Nxe8 Qg1+ { White resigns } 0-1

[Event "ICC tourney 2399 (75 10)"]
[Site "Internet Chess Club"]
[Date "2021.02.21"]
[Round "5"]
[White "tirantes"]
[Black "e4f5"]
[Result "1-0"]
[ICCResult "Black resigns"]
[WhiteElo "2422"]
[BlackElo "2293"]
[Opening "King's Indian: fianchetto, Uhlmann (Szabo) variation"]
[ECO "E62"]
[NIC "KI.72"]
[Time "14:33:37"]
[PlyCount "135"]
[TimeControl "4500+10"]

1. c4 Nf6 2. Nc3 g6 3. d4 Bg7 4. Nf3 O-O 5. g3 d6 6. Bg2 Nc6 7. O-O e5 8.
d5 Nb8 9. e4 a5 10. Bg5 Na6 11. b3 Qe8 12. Qd2 Nd7 13. Nh4 Ndc5 14. Rab1 f5
15. exf5 gxf5 16. Bh6 Qf7 17. Qg5 Qf6 18. Qxg7+ Qxg7 19. Bxg7 Kxg7 20. a3
Bd7 21. Rfd1 a4 22. b4 Nb3 23. Bh3 Nd4 24. Rb2 Rae8 25. f4 Nb3 26. Re2 exf4
27. gxf4 Kf6 28. Rxe8 Rxe8 29. Kf2 Re7 30. Nf3 Re8 31. Bf1 Re7 32. Bd3 Be8
33. Bc2 Bd7 34. Nd4 Nxd4 35. Rxd4 Rg7 36. Nxa4 Rg4 37. h3 Rg8 38. Nc3 Ra8
39. Nb5 Nb8 40. Rd3 Bxb5 41. cxb5 Nd7 42. a4 b6 43. Rc3 Ra7 44. Rg3 Nf8 45.
Rg5 Ng6 46. Rxf5+ Kg7 47. Rg5 Kf6 48. Kf3 Ra8 49. Rg1 Ne7 50. Rd1 h6 51.
Rd2 Ra7 52. Ke4 Nf5 53. Kf3 Ne7 54. Rd1 Ra8 55. Bb3 Nf5 56. Kf2 Ra7 57. Rc1
Nd4 58. Bd1 Kg6 59. Ke3 Nf5+ 60. Kd3 Ne7 61. Bb3 Kf6 62. Ra1 Kf7 63. a5 Nc8
64. Kd4 Rb7 65. a6 Ra7 66. Bd1 Ne7 67. Bg4 Kf6 68. Re1 { Black resigns }
1-0

[Event "ICC tourney 2399 (75 10)"]
[Site "Internet Chess Club"]
[Date "2021.02.21"]
[Round "5"]
[White "wolverine54"]
[Black "Blue-Elephant1"]
[Result "1-0"]
[ICCResult "Black resigns"]
[WhiteElo "2313"]
[BlackElo "2117"]
[Opening "Sicilian: Kan, Maróczy bind (Réti variation)"]
[ECO "B41"]
[NIC "SI.41"]
[Time "14:33:43"]
[PlyCount "137"]
[TimeControl "4500+10"]

1. e4 c5 2. Nf3 e6 3. d4 cxd4 4. Nxd4 a6 5. c4 Nf6 6. Bd3 Qc7 7. O-O g6 8.
Nc3 Bg7 9. f4 d6 10. Be3 O-O 11. Rc1 b6 12. b4 Bb7 13. Qf3 Nbd7 14. g4 h5
15. h3 hxg4 16. hxg4 Rfe8 17. Nde2 Qb8 18. g5 Nh5 19. Ng3 Nxg3 20. Qxg3 a5
21. b5 Nc5 22. Bxc5 bxc5 23. Ne2 d5 24. e5 Qc7 25. a4 Rad8 26. Qe3 Bf8 27.
Rfd1 Rd7 28. Ng3 Qb6 29. Be2 Red8 30. Bf3 dxc4 31. Rxd7 Rxd7 32. Bxb7 Qxb7
33. Qe4 Qd5 34. Qxd5 exd5 35. Kf2 Be7 36. Nf1 Bd8 37. Ke2 Kf8 38. Nd2 Ke7
39. Kf3 Ke6 40. Nf1 Bc7 41. Ne3 Rd8 42. Ke2 Rh8 43. Rd1 Rh2+ 44. Kf3 Rh3+
45. Ke2 Rh2+ 46. Kf3 Rh3+ 47. Ke2 d4 48. Nxc4 Kd5 49. b6 Kxc4 50. bxc7 Rh8
51. f5 Kd5 52. e6 fxe6 53. fxg6 Kd6 54. g7 Rg8 55. Rc1 Kxc7 56. Rxc5+ Kd6
57. Rxa5 Rxg7 58. Kf3 e5 59. g6 d3 60. Ke3 e4 61. Rg5 Kc7 62. a5 Kb7 63.
Rg1 Ka6 64. Kxe4 d2 65. Kf5 Kxa5 66. Rd1 Rd7 67. Ke6 Rd8 68. g7 Kb4 69.
Rxd2 { Black resigns } 1-0

[Event "ICC tourney 2399 (75 10)"]
[Site "Internet Chess Club"]
[Date "2021.02.21"]
[Round "6"]
[White "e4f5"]
[Black "DonaldJ"]
[Result "1-0"]
[ICCResult "Black checkmated"]
[WhiteElo "2293"]
[BlackElo "2071"]
[Opening "Sicilian: Najdorf, Opocensky variation"]
[ECO "B92"]
[NIC "SI.11"]
[Time "18:10:57"]
[PlyCount "63"]
[TimeControl "4500+10"]

1. e4 c5 2. Nf3 d6 3. d4 cxd4 4. Nxd4 Nf6 5. Nc3 a6 6. Be2 e5 7. Nb3 Be7 8.
O-O O-O 9. Kh1 Nc6 10. f4 b5 11. a4 b4 12. Nd5 Bb7 13. Be3 exf4 14. Bb6 Qd7
15. Nc5 Qc8 16. Nxe7+ Nxe7 17. Qxd6 Ng6 18. Bf3 Nh4 19. Qxf4 Nxf3 20. gxf3
Nd7 21. Rg1 g6 22. Nxd7 Qxd7 23. Rad1 Qxa4 24. Qf6 Rfe8 25. Bd4 Kf8 26.
Qg7+ Ke7 27. Bc5+ Ke6 28. Rd6+ Ke7 29. Qf6+ Kf8 30. Qh8+ Ke7 31. Rd5+ Ke6
32. Qe5# { Black checkmated } 1-0

[Event "ICC tourney 2399 (75 10)"]
[Site "Internet Chess Club"]
[Date "2021.02.21"]
[Round "6"]
[White "Assured"]
[Black "hidedozyo"]
[Result "1/2-1/2"]
[ICCResult "Game drawn by mutual agreement"]
[WhiteElo "2577"]
[BlackElo "2327"]
[Opening "QGD: Lasker defense"]
[ECO "D56"]
[NIC "QP.08"]
[Time "18:07:18"]
[PlyCount "51"]
[TimeControl "4500+10"]

1. d4 d5 2. c4 e6 3. Nc3 Be7 4. Nf3 Nf6 5. Bg5 h6 6. Bh4 O-O 7. e3 Ne4 8.
Bxe7 Qxe7 9. Rc1 c6 10. h4 Nd7 11. g4 Nxc3 12. Rxc3 e5 13. cxd5 cxd5 14. g5
e4 15. Nd2 g6 16. f4 exf3 17. Nxf3 h5 18. Bg2 Nb6 19. Ne5 Bf5 20. O-O Rac8
21. Rxc8 Rxc8 22. Qb3 Nc4 23. Nxc4 dxc4 24. Qc3 Bd3 25. Rf3 Be4 26. Rf4 {
Game drawn by mutual agreement } 1/2-1/2

[Event "ICC tourney 2399 (75 10)"]
[Site "Internet Chess Club"]
[Date "2021.02.21"]
[Round "6"]
[White "mhebden"]
[Black "TjkTiger"]
[Result "0-1"]
[ICCResult "White resigns"]
[WhiteElo "2503"]
[BlackElo "2605"]
[Opening "Queen's pawn game"]
[ECO "D00"]
[NIC "QP.07"]
[Time "18:08:08"]
[PlyCount "102"]
[TimeControl "4500+10"]

1. d4 Nf6 2. Nc3 d5 3. Bf4 a6 4. e3 e6 5. g4 Bb4 6. Ne2 O-O 7. a3 Be7 8.
Ng3 c5 9. g5 Nfd7 10. h4 Nc6 11. Bg2 cxd4 12. exd4 Qb6 13. Nge2 Qxb2 14.
Bc7 Bd8 15. Ra2 Qxa2 16. Nxa2 Bxc7 17. Nb4 Nxb4 18. axb4 a5 19. bxa5 Bxa5+
20. c3 b5 21. O-O Ba6 22. Qb3 Nb6 23. f4 Nc4 24. Ra1 g6 25. Nc1 Rfc8 26.
Na2 Bc7 27. Nb4 Bb7 28. Rxa8 Rxa8 29. Nd3 Bc6 30. Ne5 Ra3 31. Qc2 Nxe5 32.
fxe5 Ba5 33. Qb2 Rxc3 34. Qa1 Bb4 35. Qa6 Bf8 36. Bf1 b4 37. Bd3 Ra3 38.
Qxc6 Rxd3 39. Qb6 Rh3 40. Kg2 Rxh4 41. Kg3 Re4 42. Kf3 Be7 43. Qb7 Kf8 44.
Qb8+ Kg7 45. Qb7 Bxg5 46. Qxb4 h5 47. Qc5 h4 48. Qa7 Re3+ 49. Kf2 h3 50.
Qa1 h2 51. Kg2 Bf4 { White resigns } 0-1

[Event "ICC tourney 2399 (75 10)"]
[Site "Internet Chess Club"]
[Date "2021.02.21"]
[Round "6"]
[White "eigenator"]
[Black "Aleksandrov73"]
[Result "0-1"]
[ICCResult "White resigns"]
[WhiteElo "2368"]
[BlackElo "2629"]
[Opening "Giuoco Piano"]
[ECO "C54"]
[NIC "IG.02"]
[Time "18:07:14"]
[PlyCount "130"]
[TimeControl "4500+10"]

1. e4 e5 2. Nf3 Nc6 3. Bc4 Bc5 4. c3 Nf6 5. d3 d6 6. O-O h6 7. a4 a5 8.
Nbd2 O-O 9. h3 Ne7 10. d4 exd4 11. cxd4 Bb4 12. e5 Nh5 13. Nb3 Ng6 14. Qc2
Nhf4 15. Rd1 Qd7 16. Bf1 Qf5 17. Qxf5 Bxf5 18. Bxf4 Nxf4 19. Rac1 Rac8 20.
Kh2 Rfd8 21. g3 Nd5 22. Bd3 Bxd3 23. Rxd3 Nb6 24. Ra1 Nc4 25. exd6 cxd6 26.
Ra2 Re8 27. Nc1 Nxb2 28. Rxb2 Rxc1 29. Ra2 d5 30. Ne5 f6 31. Ng6 Kf7 32.
Nf4 Rd8 33. Kg2 g5 34. Ne2 Rc4 35. g4 Rdc8 36. Ng3 Rc2 37. Ra1 Rc1 38. Rd1
Rxd1 39. Rxd1 Rc2 40. Nf5 Ke6 41. Ra1 Rd2 42. Kf1 Rd3 43. Kg2 h5 44. Ng7+
Kf7 45. Nxh5 Rxd4 46. Ng3 b6 47. Nf5 Rd2 48. h4 gxh4 49. Nxh4 Bc5 50. Rf1
Ra2 51. Nf5 Rxa4 52. f3 Ra2+ 53. Kg3 a4 54. Rh1 a3 55. Rh7+ Ke6 56. Ra7 d4
57. f4 d3 58. Kf3 Rf2+ 59. Ke4 d2 60. Ng7+ Kd6 61. Ne8+ Kc6 62. Rc7+ Kb5
63. Rd7 Re2+ 64. Kf5 Rxe8 65. Rxd2 Rf8 { White resigns } 0-1